ESL (28 & UNDER)
RIO GRANDE RATTLESNAKE @ BUFFALO LIGHTSABRES
04/10/2029
 
TOP OF THE 1ST
Rio Grande Rattlesnake batting - Pitching for Buffalo LightSabres : RHP Howard Jewel
Pitching: RHP Howard Jewel
Batting: RHB Jaime Delgado 0-0: Ground out 6-3 (Groundball, 56)
Batting: RHB Iván De Jesús 0-0: Ground out 6-3 (Groundball, 6)
Batting: LHB Claudio Rodríguez 0-0: Called Strike
0-1: Ball
1-1: Ball
2-1: Foul Ball, location: 2F
2-2: Ball
3-2: Base on Balls
Batting: RHB David Suarze 0-0: Called Strike
0-1: Hit by Pitch
Claudio Rodríguez to second
Batting: RHB Gary Thomas 0-0: Swinging Strike
0-1: SINGLE (Groundball, 56D)
Claudio Rodríguez to third
David Suarze to second
Runner from 3rd tries for Home, throw and OUT!
Top of the 1st over - 0 runs, 1 hit, 0 errors, 2 left on base; Rio Grande 0 - Buffalo 0
BOTTOM OF THE 1ST
Buffalo LightSabres batting - Pitching for Rio Grande Rattlesnake : RHP Brendan Green
Pitching: RHP Brendan Green
Batting: RHB Lou Hammond 0-0: Ball
1-0: Ball
2-0: Ground out 5-3 (Groundball, 56)
Batting: RHB Mike Wagner 0-0: Ball
1-0: Called Strike
1-1: Ball
2-1: Foul Ball, location: 2F
2-2: Strikes out looking
Batting: RHB Sean White 0-0: Ball
1-0: DOUBLE (Line Drive, 78M)
Batting: LHB Garrett King 0-0: Fly out, F6 (Line Drive, 6M)
Bottom of the 1st over - 0 runs, 1 hit, 0 errors, 1 left on base; Rio Grande 0 - Buffalo 0
TOP OF THE 2ND
Rio Grande Rattlesnake batting - Pitching for Buffalo LightSabres : RHP Howard Jewel
Batting: LHB José Garza 0-0: Foul Ball, location: 2F
0-1: Bunted foul
0-2: Ball
1-2: Ball
2-2: Foul Ball, location: 2F
2-2: Ground out 4-3 (Groundball, 4M)
Batting: RHB Joe Courtier 0-0: Swinging Strike
0-1: Foul Ball, location: 2F
0-2: Ball
1-2: Fly out, F8 (Line Drive, 8RD)
Batting: SHB Jeremy Holmes 0-0: Foul Ball, location: 2F
0-1: Ball
1-1: SINGLE (Line Drive, 9LM)
Batting: RHB Cristián Román 0-0: Called Strike
Throwing error on steal attempt, E2
Jeremy Holmes to third
0-1: Ball
1-1: Called Strike
1-2: SINGLE (Groundball, 56D)
Jeremy Holmes scores
Batting: RHB Jaime Delgado 0-0: Ball
1-0: Ball
2-0: Called Strike
2-1: Ground out U3 (Groundball, 34S)
Top of the 2nd over - 1 run, 2 hits, 1 error, 1 left on base; Rio Grande 1 - Buffalo 0
BOTTOM OF THE 2ND
Buffalo LightSabres batting - Pitching for Rio Grande Rattlesnake : RHP Brendan Green
Batting: RHB Mario Solís 0-0: Called Strike
0-1: Foul Ball, location: 2F
0-2: Foul Ball, location: 2F
0-2: Foul Ball, location: 2F
0-2: Ball
1-2: Foul Ball, location: 2F
1-2: Foul Ball, location: 2F
1-2: SINGLE (Groundball, 6MD)
Batting: LHB Emílio Montoya 0-0: SINGLE (Groundball, 56D)
Mario Solís to second
Batting: RHB Huub Stolk 0-0: Called Strike
0-1: Ball
1-1: Ground out 5-3 (Groundball, 56S)
Mario Solís to third
Emílio Montoya to second
Batting: RHB Pedro Romero 0-0: Reached on error, E4 (Groundball, 4)
Mario Solís scores
Emílio Montoya to third
Batting: RHB José Rosales 0-0: Swinging Strike
0-1: Grounds into double play, 5-4-3 (Groundball, 56)
Bottom of the 2nd over - 1 run, 2 hits, 1 error, 1 left on base; Rio Grande 1 - Buffalo 1
TOP OF THE 3RD
Rio Grande Rattlesnake batting - Pitching for Buffalo LightSabres : RHP Howard Jewel
Batting: RHB Iván De Jesús 0-0: Ball
1-0: SINGLE (Flyball, 78S)
Batting: LHB Claudio Rodríguez 0-0: Ball
1-0: Ball
2-0: Ball
3-0: Called Strike
3-1: Base on Balls
Iván De Jesús to second
Batting: RHB David Suarze 0-0: Ball
1-0: Ball
2-0: Ball
3-0: Base on Balls
Iván De Jesús to third
Claudio Rodríguez to second
Batting: RHB Gary Thomas 0-0: Ball
1-0: Foul Ball, location: 2F
1-1: SINGLE (Groundball, 56D)
Iván De Jesús scores
Claudio Rodríguez to third
David Suarze to second
Batting: LHB José Garza 0-0: Foul Ball, location: 2F
0-1: Called Strike
0-2: SINGLE (Groundball, 6D)
Claudio Rodríguez scores
David Suarze to third
Gary Thomas to second
Runner from 3rd tries for Home, SAFE, throw made home
Batting: RHB Joe Courtier 0-0: Foul Ball, location: 2F
0-1: Ball
1-1: Grounds into double play, 6-4-3 (Groundball, 6)
Gary Thomas to third
Batting: SHB Jeremy Holmes 0-0: Ball
1-0: Fly out, F4 (Popup, 4M)
Top of the 3rd over - 3 runs, 3 hits, 0 errors, 1 left on base; Rio Grande 4 - Buffalo 1
BOTTOM OF THE 3RD
Buffalo LightSabres batting - Pitching for Rio Grande Rattlesnake : RHP Brendan Green
Batting: RHB Lou Hammond 0-0: Swinging Strike
0-1: Ball
1-1: Fly out, F8 (Flyball, 8RD)
Batting: RHB Mike Wagner 0-0: Ball
1-0: Ball
2-0: Ball
3-0: Foul Ball, location: 2F
3-1: Base on Balls
Batting: RHB Sean White 0-0: Called Strike
0-1: Ball
1-1: Ball
Mike Wagner steals 2nd base
2-1: Foul Ball, location: 2F
2-2: Ball
3-2: Ground out 6-3 (Groundball, 6)
Batting: LHB Garrett King 0-0: Ball
Wild Pitch!
Mike Wagner to third
1-0: Ball
2-0: Foul Ball, location: 2F
2-1: Swinging Strike
2-2: Ball
3-2: Base on Balls
Batting: RHB Mario Solís 0-0: Ground out 5-3 (Groundball, 5S)
Bottom of the 3rd over - 0 runs, 0 hits, 0 errors, 2 left on base; Rio Grande 4 - Buffalo 1
TOP OF THE 4TH
Rio Grande Rattlesnake batting - Pitching for Buffalo LightSabres : RHP Howard Jewel
Batting: RHB Cristián Román 0-0: SINGLE (Groundball, 3D)
Batting: RHB Jaime Delgado 0-0: Ball
1-0: Ball
2-0: Called Strike
2-1: Called Strike
2-2: Foul Ball, location: 2F
2-2: Ball
3-2: Base on Balls
Cristián Román to second
Batting: RHB Iván De Jesús 0-0: Ball
1-0: Ball
2-0: Called Strike
Error on foul ball, E7
2-2: Foul Ball, location: 2F
2-2: Fly out, F4 (Popup, 34)
Batting: LHB Claudio Rodríguez 0-0: Ball
1-0: SINGLE (Flyball, 89M)
Cristián Román to third
Jaime Delgado to second
Runner from 3rd tries for Home, SAFE, no throw
Batting: RHB David Suarze 0-0: Ball
1-0: Ball
2-0: Ball
3-0: Called Strike
3-1: Base on Balls
Jaime Delgado to third
Claudio Rodríguez to second
Batting: RHB Gary Thomas 0-0: Ball
1-0: Grounds into double play, 3-6-3 (Groundball, 34)
Top of the 4th over - 1 run, 2 hits, 1 error, 2 left on base; Rio Grande 5 - Buffalo 1
BOTTOM OF THE 4TH
Buffalo LightSabres batting - Pitching for Rio Grande Rattlesnake : RHP Brendan Green
Batting: LHB Emílio Montoya 0-0: Foul Ball, location: 2F
0-1: Ball
1-1: DOUBLE (Line Drive, 89M)
Batting: RHB Huub Stolk 0-0: Called Strike
0-1: Ball
1-1: Swinging Strike
1-2: Strikes out swinging
Batting: RHB Pedro Romero 0-0: Ball
1-0: SINGLE (Groundball, 6MD)
Emílio Montoya to third
Runner from 3rd tries for Home, throw and OUT!
Batting: RHB José Rosales 0-0: Ball
1-0: Ground out 5-3 (Groundball, 56)
Bottom of the 4th over - 0 runs, 2 hits, 0 errors, 1 left on base; Rio Grande 5 - Buffalo 1
TOP OF THE 5TH
Rio Grande Rattlesnake batting - Pitching for Buffalo LightSabres : RHP Howard Jewel
Batting: LHB José Garza 0-0: Called Strike
0-1: Called Strike
0-2: Ball
1-2: Foul Ball, location: 2F
1-2: Ball
2-2: Ground out 5-3 (Groundball, 5L)
Batting: RHB Joe Courtier 0-0: Ball
1-0: Foul Ball, location: 2F
1-1: Ball
2-1: SINGLE (Line Drive, 56)
Batting: SHB Jeremy Holmes Pickoff Throw to First - Out!
0-0: Called Strike
0-1: Ball
1-1: Swinging Strike
1-2: Strikes out swinging
Top of the 5th over - 0 runs, 1 hit, 0 errors, 0 left on base; Rio Grande 5 - Buffalo 1
BOTTOM OF THE 5TH
Buffalo LightSabres batting - Pitching for Rio Grande Rattlesnake : RHP Brendan Green
Batting: RHB Lou Hammond 0-0: Ball
1-0: Ball
2-0: Called Strike
2-1: Called Strike
2-2: Strikes out swinging
Batting: RHB Mike Wagner 0-0: Ball
1-0: Ball
2-0: Fly out, F7 (Flyball, 7D)
Batting: RHB Sean White 0-0: Ground out 5-3 (Groundball, 56)
Bottom of the 5th over - 0 runs, 0 hits, 0 errors, 0 left on base; Rio Grande 5 - Buffalo 1
TOP OF THE 6TH
Rio Grande Rattlesnake batting - Pitching for Buffalo LightSabres : RHP Howard Jewel
Batting: RHB Cristián Román 0-0: Ball
1-0: Called Strike
1-1: Swinging Strike
1-2: Strikes out swinging
Batting: RHB Jaime Delgado 0-0: Fly out, F7 (Flyball, 78D)
Batting: RHB Iván De Jesús 0-0: Ball
1-0: Called Strike
1-1: Ball
2-1: Ball
3-1: Base on Balls
Batting: LHB Claudio Rodríguez 0-0: Foul Ball, location: 2F
0-1: Ball
1-1: Foul Ball, location: 2F
1-2: Ball
2-2: Foul Ball, location: 2F
2-2: Foul Ball, location: 2F
2-2: Ball
3-2: Base on Balls
Iván De Jesús to second
Pitching: RHP Gavin Robbins
Batting: RHB David Suarze 0-0: Foul Ball, location: 2F
0-1: Hit by Pitch
Iván De Jesús to third
Claudio Rodríguez to second
Batting: RHB Gary Thomas 0-0: Ball
1-0: Called Strike
1-1: DOUBLE (Flyball, 78D)
Iván De Jesús scores
Claudio Rodríguez scores
David Suarze to third
Runner from 3rd tries for Home, SAFE, no throw
Batting: LHB José Garza 0-0: Ball
1-0: Called Strike
1-1: Ground out 4-3 (Groundball, 4)
Top of the 6th over - 3 runs, 1 hit, 0 errors, 1 left on base; Rio Grande 8 - Buffalo 1
BOTTOM OF THE 6TH
Buffalo LightSabres batting - Pitching for Rio Grande Rattlesnake : RHP Brendan Green
Batting: LHB Garrett King 0-0: Ball
1-0: Foul Ball, location: 2F
1-1: Called Strike
1-2: Ground out 6-3 (Groundball, 6)
Batting: RHB Mario Solís 0-0: Called Strike
0-1: Ball
1-1: Foul Ball, location: 2F
1-2: Ball
2-2: SINGLE (Line Drive, 4MD)
Batting: LHB Emílio Montoya 0-0: Foul Ball, location: 2F
0-1: Called Strike
0-2: Ball
1-2: Grounds into double play, 4-6-3 (Groundball, 4)
Bottom of the 6th over - 0 runs, 1 hit, 0 errors, 0 left on base; Rio Grande 8 - Buffalo 1
TOP OF THE 7TH
Rio Grande Rattlesnake batting - Pitching for Buffalo LightSabres : RHP Gavin Robbins
Batting: RHB Joe Courtier 0-0: Ball
1-0: Foul Ball, location: 2F
1-1: Called Strike
1-2: Ball
2-2: Ball
3-2: Foul Ball, location: 2F
3-2: Ground out U3 (Groundball, 34S)
Batting: SHB Jeremy Holmes 0-0: Called Strike
0-1: Swinging Strike
0-2: Ball
1-2: Foul Ball, location: 2F
1-2: SINGLE (Groundball, 4MD)
Batting: RHB Cristián Román 0-0: Ball
Wild Pitch!
Jeremy Holmes to second
1-0: Foul Ball, location: 2F
1-1: Foul Ball, location: 2F
1-2: Ball
2-2: Foul Ball, location: 2F
2-2: Ground out 6-3 (Groundball, 6)
Batting: RHB Jaime Delgado 0-0: Ground out 5-3 (Groundball, 5)
Top of the 7th over - 0 runs, 1 hit, 0 errors, 1 left on base; Rio Grande 8 - Buffalo 1
BOTTOM OF THE 7TH
Buffalo LightSabres batting - Pitching for Rio Grande Rattlesnake : RHP Brendan Green
Batting: RHB Huub Stolk 0-0: Ball
1-0: Called Strike
1-1: Ground out 6-3 (Groundball, 6)
Batting: RHB Pedro Romero 0-0: Ground out 5-3 (Groundball, 56)
Batting: RHB José Rosales 0-0: Ball
1-0: Called Strike
1-1: SINGLE (Groundball, 34S) (infield hit)
Batting: RHB Lou Hammond 0-0: Ball
1-0: Called Strike
1-1: Ball
José Rosales steals 2nd base
2-1: Ball
3-1: Foul Ball, location: 2F
3-2: Foul Ball, location: 2F
3-2: Ground out 6-3 (Groundball, 6)
Bottom of the 7th over - 0 runs, 1 hit, 0 errors, 1 left on base; Rio Grande 8 - Buffalo 1
TOP OF THE 8TH
Rio Grande Rattlesnake batting - Pitching for Buffalo LightSabres : RHP Gavin Robbins
Batting: RHB Iván De Jesús 0-0: Ball
1-0: Ball
2-0: Called Strike
2-1: SINGLE (Line Drive, 4MD)
Batting: LHB Claudio Rodríguez Pickoff Throw to First - Out!
0-0: Called Strike
0-1: Ball
1-1: Ball
2-1: Ball
3-1: SOLO HOME RUN (Flyball, 9D), Distance : 372 ft
Batting: RHB David Suarze 0-0: SOLO HOME RUN (Flyball, 7LD), Distance : 344 ft
Batting: RHB Gary Thomas 0-0: Ball
1-0: Called Strike
1-1: Ball
2-1: Called Strike
2-2: Foul Ball, location: 2F
2-2: Strikes out swinging
Batting: LHB José Garza 0-0: Ball
1-0: Called Strike
1-1: DOUBLE (Flyball, 7LD)
Batting: RHB Joe Courtier 0-0: SINGLE (Line Drive, 4MD)
José Garza to third
Batting: SHB Jeremy Holmes 0-0: Called Strike
0-1: Swinging Strike
0-2: Foul Ball, location: 2F
0-2: Foul Ball, location: 2F
0-2: Ball
1-2: Ball
2-2: SINGLE (Groundball, 34D)
José Garza scores
Joe Courtier to second
Runner from 2nd tries for 3rd, OUT!
Top of the 8th over - 3 runs, 6 hits, 0 errors, 1 left on base; Rio Grande 11 - Buffalo 1
BOTTOM OF THE 8TH
Buffalo LightSabres batting - Pitching for Rio Grande Rattlesnake : RHP Brendan Green
Batting: RHB Mike Wagner 0-0: Called Strike
0-1: Ball
1-1: Foul Ball, location: 2F
1-2: Ball
2-2: Foul Ball, location: 2F
2-2: Foul Ball, location: 2F
2-2: Strikes out swinging
Batting: RHB Sean White 0-0: SINGLE (Groundball, P) (infield hit)
Batting: LHB Garrett King 0-0: Called Strike
0-1: Ground out U3 (Groundball, 3)
Sean White to second
Batting: RHB Mario Solís 0-0: Ball
Wild Pitch!
Sean White to third
1-0: Called Strike
1-1: Foul Ball, location: 2F
1-2: Fly out, F7 (Flyball, 7LSF)
Bottom of the 8th over - 0 runs, 1 hit, 0 errors, 1 left on base; Rio Grande 11 - Buffalo 1
TOP OF THE 9TH
Rio Grande Rattlesnake batting - Pitching for Buffalo LightSabres : RHP Gavin Robbins
Pitching: LHP Tom Workman
Batting: RHB Cristián Román 0-0: Ball
1-0: Ball
2-0: Swinging Strike
2-1: Ball
3-1: Base on Balls
Batting: RHB Jaime Delgado 0-0: Called Strike
0-1: Ball
1-1: Swinging Strike
1-2: Strikes out swinging
Batting: RHB Iván De Jesús 0-0: Called Strike
0-1: Ball
1-1: Fly out, F8 (Line Drive, 8LXD)
Batting: LHB Claudio Rodríguez 0-0: Ball
1-0: Foul Ball, location: 2F
1-1: Ball
2-1: Foul Ball, location: 2F
2-2: Fly out, F5 (Popup, 15S)
Top of the 9th over - 0 runs, 0 hits, 0 errors, 1 left on base; Rio Grande 11 - Buffalo 1
BOTTOM OF THE 9TH
Buffalo LightSabres batting - Pitching for Rio Grande Rattlesnake : RHP Brendan Green
Pitching: RHP Billy O'Neal
Batting: LHB Emílio Montoya 0-0: Ball
1-0: Ball
2-0: Ground out 4-3 (Groundball, 4)
Batting: RHB Huub Stolk 0-0: Ball
1-0: Called Strike
1-1: Ball
2-1: Foul Ball, location: 2F
2-2: Ground out 5-3 (Groundball, 5L)
Batting: RHB Pedro Romero 0-0: Ball
1-0: Ball
2-0: Ball
3-0: Base on Balls
Batting: RHB José Rosales 0-0: Ground out 3-1 (Groundball, 34)
Bottom of the 9th over - 0 runs, 0 hits, 0 errors, 1 left on base; Rio Grande 11 - Buffalo 1
Saturday, December 16th, 2017 - OOTP Baseball 18.8 Build 76